 Dungeon Crawl Stone Soup version 0.25.1-8-g42b30a86e7 (webtiles) character file.

Game seed: 9133197837247709917

1897 dornbeast the Gouger (level 8, -6/33 HPs)
             Began as a Felid Transmuter on Dec 20, 2020.
             Was a Follower of Uskayaw.
             Splashed by a jelly's acid (10 damage)
             ... on level 7 of the Dungeon.
             The game lasted 00:47:24 (11027 turns).

dornbeast the Gouger (Felid Transmuter)            Turns: 11027, Time: 00:47:26

Health: -6/33      AC: -6    Str:  6    XL:     8   Next: 93%
Magic:  10/12      EV: 22    Int: 15    God:    Uskayaw [*.....]
Gold:   435        SH:  0    Dex: 23    Spells: 7/11 levels left
                                        Lives:  0   Deaths: 2

rFire    + . .     SeeInvis +     - Unarmed
rCold    . . .     Gourm    .   (shield unavailable)
rNeg     . . .     Faith    .   (armour unavailable)
rPois    x         Spirit   .   (helmet unavailable)
rElec    .         Reflect  .   (cloak unavailable)
rCorr    .         Harm     .   (gloves unavailable)
MR       +....                  (boots unavailable)
Stlth    ++........             (no amulet)
HPRegen  0.11/turn              s - ring of protection from cold
MPRegen  0.13/turn              w - ring of fire

@: spider-form, corroded
A: tiny, no armour, no weapons or thrown items, stealth, see invisible,
carnivore, slow metabolism 1
a: End Transformation, Stomp, Renounce Religion


You were on level 7 of the Dungeon.
You worshipped Uskayaw.
Uskayaw was noncommittal.
You were completely stuffed.
You were a venomous arachnid creature.
You visited 2 branches of the dungeon, and saw 8 of its levels.
You also visited: Ossuary.

You collected 435 gold pieces.

Inventory:

Missiles
 a - 69 arrows
Jewellery
 s - a ring of protection from cold (left front leg)
 w - a ring of fire (right front leg)
Wands
 m - a wand of acid (3)
Scrolls
 b - 3 scrolls of teleportation
 d - 6 scrolls of remove curse
 g - a scroll of immolation {unknown}
 h - 3 scrolls of torment {unknown}
 j - a scroll of magic mapping {unknown}
 l - 8 scrolls of identify
 t - a scroll of amnesia {unknown}
 u - a scroll of fear
 v - a scroll of vulnerability {unknown}
Potions
 e - a potion of cancellation {unknown}
 f - 4 potions of curing
 i - a potion of lignification {unknown}
 k - 2 potions of might {unknown}
 n - a potion of berserk rage {unknown}
 o - 2 potions of invisibility {unknown}
 p - 2 potions of flight {unknown}
 q - 2 potions of haste
 r - a potion of degeneration {unknown}
Comestibles
 c - 7 rations
 x - 4 chunks of flesh


   Skills:
 + Level 1.8 Fighting
 - Level 3.2 Dodging
 * Level 9.4 Unarmed Combat
 - Level 2.3 Spellcasting
 - Level 6.8 Transmutations
 + Level 5.4 Poison Magic


You had 7 spell levels left.
You knew the following spells:

 Your Spells              Type           Power        Failure   Level  Hunger
a - Beastly Appendage     Tmut           ###...       6%          1    #......
b - Spider Form           Tmut/Pois      ###.......   16%         3    ###....

Your spell library contained the following spells:

 Spells                   Type           Power        Failure   Level  Hunger
 Sticks to Snakes         Tmut           ###.....     8%          2    ###....
 Blade Hands              Tmut           ###.......   56%         5    ######.
 Ice Form                 Ice/Tmut       ##......     67%         4    #####..


Dungeon Overview and Level Annotations

Branches:
Dungeon (7/15)             Temple (1/1) D:4         Ossuary (visited)

Altars:
Ashenzari
Cheibriados
Dithmenos
Elyvilon
Fedhas
Gozag
Hepliaklqana
Kikubaaqudgha
Makhleb
Nemelex Xobeh
Okawaru
Qazlal
Ru
Sif Muna
Trog
Uskayaw
Vehumet
Wu Jian
Xom
Yredelemnul
Zin
The Shining One

Shops:
D:5 :=((

Annotations:
D:3 Grinder
D:6 Sigmund
D:7 Harold


Innate Abilities, Weirdness & Mutations

You cannot wear armour.
You are incapable of wielding weapons or throwing items.
Your paws allow you to move quietly. (Stealth)
((You have sharp claws.))
((You have razor-sharp teeth.))
You have supernaturally acute eyesight. (SInv)
You are carnivorous and can eat meat at any time.
((You cover ground quickly.))
((You are covered in thick fur. (AC +2)))
You have a slow metabolism.
((Your sharp claws are effective at attacking unaware monsters.))


Message History

You hit the jelly but do no damage.
Your front legs burn!
The jelly is lightly wounded.
The jelly jiggles.
The jelly closely misses you.
You hit the jelly but do no damage.
Your front legs burn!
The jelly is lightly wounded.
The jelly barely misses you.
You hit the jelly but do no damage.
Your front legs burn!
The jelly is lightly wounded.
You hit the jelly but do no damage.
Your front legs burn!
* * * LOW HITPOINT WARNING * * *
The jelly is lightly wounded.
The jelly completely misses you.
You hit the jelly.
The jelly is poisoned.
Your front legs burn!
* * * LOW HITPOINT WARNING * * *
The jelly is lightly wounded.
The jelly hits you.
* * * LOW HITPOINT WARNING * * *
You are splashed with acid!
You die...

#. ... #. ..# ## ..#
#. #.. .# #. #..# #.#
# #. ..# .. ...## #.#
#. #. ... .# ## #.J#
#.# .###. #J. (.# ...
#s# #.# .# ..#.
#.#... #..# #.####.#
.# #.#. ..#@# ###.##
#....#.# ##. #.#.
....
.....########...# #..
##... ..# .....>.<##
###.###.###..## ..#
##.######..##
#.##..#......
#.###...#
##..#####.###...####.
#.....#.#
##...........### #
###..##.#
###........##


You could see a jelly (very poisoned).

Vanquished Creatures
  Prince Ribbit (D:7)
  A hippogriff (D:7)
  A hungry ghost (D:7)
  Duvessa (D:5)
  4 ice beasts
  5 ogres
  A phantom (D:5)
  An elf zombie (Ossuary)
  2 bullfrogs
  Dowan (D:5)
  A howler monkey (D:4)
  4 crimson imps
  A centaur zombie (D:7)
  3 human zombies (Ossuary)
  A hound (D:6)
  2 orc wizards
  An orc priest (D:7)
  A jelly (D:7)
  Terence (D:2)
  An iguana (D:5)
  3 worker ants
  2 big kobold zombies (Ossuary)
  A hound skeleton (D:4)
  3 mummies
  A worker ant zombie (D:5)
  3 adders
  An ooze (D:2)
  An adder zombie (Ossuary)
  3 worms (D:2)
  A dart slug (D:3)
  4 leopard geckos
  12 orcs
  6 giant cockroaches
  8 goblins
  4 hobgoblins (D:1)
  4 jackals (D:7)
  3 kobolds (D:1)
  A quokka (D:2)
  8 bats
  5 frilled lizards
  10 hobgoblin zombies
  10 kobold zombies
  8 orc zombies (Ossuary)
  5 rats
  4 rat zombies (Ossuary)
145 creatures vanquished.

Notes
Turn   | Place    | Note
-------+----------+-------------------------------------------
     0 | D:1      | dornbeast the Felid Transmuter began the quest for the Orb.
     0 | D:1      | Reached XP level 1. HP: 9/9 MP: 4/4
   182 | D:1      | Reached XP level 2. HP: 5/12 MP: 3/6
   855 | D:2      | Noticed Terence
   912 | D:2      | Reached XP level 3. HP: 14/15 MP: 5/7
   917 | D:2      | Learned a level 3 spell: Spider Form
  1923 | D:3      | Noticed Grinder
  2100 | D:3      | Reached skill level 4 in Unarmed Combat
  2100 | D:3      | Reached XP level 4. HP: 8/19 MP: 6/8
  2298 | D:3      | Reached skill level 1 in Poison Magic
  2599 | D:4      | Found a staircase to the Ecumenical Temple.
  2611 | Temple   | Entered the Ecumenical Temple
  2749 | Temple   | Became a worshipper of Uskayaw the Reveler
  2979 | D:4      | Reached * piety under Uskayaw
  3099 | D:4      | Reached ** piety under Uskayaw
  3219 | D:4      | Noticed an ogre
  3250 | D:4      | Reached XP level 5. HP: 19/22 MP: 7/9
  3637 | D:4      | Noticed an ogre
  4184 | D:5      | Entered Level 5 of the Dungeon
  4184 | D:5      | Noticed a phantom
  4184 | D:5      | Noticed an ogre
  4386 | D:5      | Found Cailas's Jewellery Shop.
  4395 | D:5      | Found Soexzem's Book Emporium.
  4429 | D:5      | Found Tiafi's Antique Weapon Emporium.
  4481 | D:5      | Found Qabbag's Antique Weapon Shoppe.
  4494 | D:5      | Reached skill level 5 in Unarmed Combat
  4720 | D:5      | Noticed an ice beast
  4734 | D:5      | Gained mutation: You are covered in thick fur. (AC +2)
                  | [Felid growth]
  4734 | D:5      | Reached XP level 6. HP: 24/25 MP: 10/10
  4734 | D:5      | Reached *** piety under Uskayaw
  4776 | D:5      | Killed an ice beast
  4792 | D:5      | Found a sand-covered staircase.
  4797 | Ossuary  | Entered an ossuary
  5844 | Ossuary  | Reached skill level 6 in Unarmed Combat
  5844 | Ossuary  | Reached XP level 7. HP: 13/28 MP: 6/11
  5962 | Ossuary  | Slain by a human zombie
  5963 | Ossuary  | Reached XP level 6. HP: -2/25 MP: 10/10
  6016 | D:5      | HP: 1/25 [mummy (10)]
  6439 | D:5      | Reached XP level 7. HP: 12/28 MP: 11/11
  6815 | D:5      | Reached skill level 5 in Transmutations
  6967 | D:5      | Reached skill level 7 in Unarmed Combat
  7019 | D:5      | Noticed Duvessa
  7021 | D:5      | Noticed Dowan
  7041 | D:5      | Slain by Duvessa
  7042 | D:5      | Reached XP level 6. HP: -1/25 MP: 10/10
  7241 | D:6      | Noticed Sigmund
  7329 | D:4      | HP: 1/25 [ogre/+0 giant spiked club (24)]
  7336 | D:4      | Reached XP level 7. HP: 2/28 MP: 11/11
  8196 | D:2      | Killed Terence
  8694 | D:6      | Reached **** piety under Uskayaw
  9358 | D:7      | Noticed a hippogriff
  9389 | D:7      | Reached skill level 8 in Unarmed Combat
  9828 | D:5      | Killed Duvessa
  9840 | D:5      | Killed Dowan
  9840 | D:5      | Reached XP level 8. HP: 16/32 MP: 10/12
 10264 | D:7      | Noticed Prince Ribbit
 10281 | D:7      | Killed Prince Ribbit
 10300 | D:7      | Reached skill level 9 in Unarmed Combat
 10300 | D:7      | Reached skill level 5 in Poison Magic
 10678 | D:7      | Found a burning altar of Makhleb.
 10678 | D:7      | Found a shattered altar of Ashenzari.
 10824 | D:7      | Noticed Harold
 10890 | D:7      | Killed a hippogriff
 11027 | D:7      | Splashed by a jelly's acid

Illustrated notes

Levels and vault maps discovered:
D:1:      dpeg_arrival_tiny_c, layout_rooms, minmay_split_cup_small
D:2:      layout_basic, uniq_terence
D:3:      layout_basic, uniq_grinder
D:4:      layout_layer_cave, temple_statues, first_ration
D:5:      layout_basic, serial_bayou, serial_bayou_pond_e, serial_bayou_shore_a,
          serial_bayou_pond_b, serial_bayou_pond_e, serial_shops,
          nicolae_shop_stone, shop, nicolae_shop_stone, shop,
          nicolae_ossuary_entry_giza, kennysheep_crisscross,
          kennysheep_cluttered_room, uniq_duvessa
D:6:      layout_loops_ring, chequers_serial_rivers_micro_b,
          uniq_crazy_yiuf_cottage, uniq_sigmund
D:7:      layout_rooms, grunt_temple_overflow_open, uniq_prince_ribbit1,
          uniq_harold
Temple:   regret_index_temple_chain_breaker

Skill      XL: |  1  2  3  4  5  6  7  8 |
---------------+-------------------------+-----
Dodging        | 3 |  3.2
Unarmed Combat | 4 5 6 8 9 |  9.4
Poison Magic   | 1 2 3 4 5 |  5.4
Transmutations | 3 4 6 |  6.8
Fighting       | |  1.8
Spellcasting   | |  2.3

Action                   |  1- 3 |  4- 6 |  7- 9 || total
-------------------------+-------+-------+-------++-------
Melee: Unarmed           |   119 |   320 |   254 ||   693
       Headbutt          |     6 |    21 |    24 ||    51
       Bite              |    15 |    38 |    23 ||    76
       Punch             |     1 |     3 |     9 ||    13
 Cast: Beastly Appendage |    12 |    18 |    20 ||    50
       Spider Form       |       |       |     6 ||     6
Invok: Line Pass         |       |     2 |       ||     2
Evoke: Wand              |       |     5 |     5 ||    10
  Use: Scroll            |     6 |     3 |       ||     9
       Potion            |     1 |     3 |     4 ||     8
 Stab: Sleeping          |     5 |     3 |     1 ||     9
       Paralysed         |       |     1 |     5 ||     6
       Distracted        |       |     1 |       ||     1
       Confused          |       |     1 |       ||     1
  Eat: Chunk             |     9 |    13 |    23 ||    45
Armor: Skin              |     5 |     6 |    10 ||    21
Dodge: Dodged            |    73 |   184 |   157 ||   414
